 Dungeon Crawl Stone Soup version 0.24-a0-411-g4df2b1290f (webtiles) character file.

Game seed: 5215257104172189870

74 Nattfarinn the Digger (level 4, 18/24 HPs)
             Began as a Gargoyle Earth Elementalist on June 6, 2019.
             Quit the game on level 2 of the Dungeon.
             The game lasted 00:03:24 (1908 turns).

Nattfarinn the Digger (Gargoyle Earth Elementalist) Turns: 1908, Time: 00:03:25

Health: 18/24      AC:  5    Str: 12    XL:     4   Next: 28%
Magic:  8/8        EV: 12    Int: 16    God:
Gold:   59         SH:  0    Dex: 10    Spells: 4/8 levels left

rFire    . . .     SeeInvis .   (no weapon)
rCold    . . .     Gourm    .   (no shield)
rNeg     + . .     Faith    .   c - +0 robe
rPois    ∞         Spirit   .   (no helmet)
rElec    +         Reflect  .   (no cloak)
rCorr    .         Harm     .   (no gloves)
MR       .....                  (no boots)
Stlth    ++........             (no amulet)
HPRegen  0.08/turn              (no ring)
MPRegen  0.11/turn              (no ring)

@: no status effects
A: negative energy resistance 1, electricity resistance, unbreathing,
petrification resistance, rot immunity, AC +3
a: no special abilities


You were on level 2 of the Dungeon.
You were hungry.

You visited 1 branch of the dungeon, and saw 2 of its levels.

You collected 59 gold pieces.

Inventory:

Missiles
 j - 9 poisoned darts (quivered)
Armour
 c - a +0 robe (worn)
Scrolls
 a - 2 scrolls of identify {unknown}
 h - 2 scrolls of remove curse {unknown}
 i - 2 scrolls of teleportation {unknown}
 k - a scroll of fog {unknown}
 m - a scroll of magic mapping {unknown}
Potions
 b - a potion of cancellation {unknown}
 e - 2 potions of heal wounds {unknown}
 f - a potion of agility {unknown}
 g - 2 potions of curing {unknown}
 l - a potion of haste {unknown}
Comestibles
 d - 2 rations


   Skills:
 - Level 1.5 Dodging
 - Level 2.1 Stealth
 + Level 0.6 Unarmed Combat
 + Level 2.9 Spellcasting
   Level 0.7 Transmutations
 * Level 5.1 Earth Magic


You had 4 spell levels left.
You knew the following spells:

 Your Spells              Type           Power        Failure   Level  Hunger
a - Sandblast             Erth           ###...       2%          1    #......
b - Stone Arrow           Conj/Erth      ##....       21%         3    ###....

Your spell library contained the following spells:

 Spells                   Type           Power        Failure   Level  Hunger
 Passwall                 Tmut/Erth      ##......     9%          2    ##.....
 Petrify                  Tmut/Erth      ##......     50%         4    #####..
 Lee's Rapid Deconstruct  Erth           ###.......   54%         5    ######.


Dungeon Overview and Level Annotations

Branches:
Dungeon (2/15)

Altars:


Innate Abilities, Weirdness & Mutations

You are resistant to torment.
Your stone body is resilient. (AC +3)
You are immune to poison.
You resist negative energy. (rN+)
You are resistant to electric shocks. (rElec)
You can survive without breathing.
You are immune to petrification.
You are immune to rotting.


Message History

The poisoned dart hits the giant cockroach.
The giant cockroach is poisoned.
The giant cockroach bites you but does no damage.
The goblin hits you.
You hit the goblin.
You kill the goblin!
The giant cockroach misses you. The giant cockroach bites you.
The giant cockroach bites you.
You hit the giant cockroach but do no damage.
The giant cockroach is almost dead.
You kill the giant cockroach!
j - 9 poisoned darts (gained 1)
You see here a giant cockroach corpse.
Memorise Stone Arrow, consuming 3 spell levels and leaving 4?
You start memorising the spell.
You continue memorising. x3
You finish memorising.
Spell assigned to 'b'.
Unknown command.
Quiver which item? (- for none, * to show all) (? for menu, Esc to quit)
Okay, then.
Are you sure you want to abandon this character and quit the game? (Confirm with "yes".)

#.# #### ##...## #.##
...# #.....# #... ##.#
#.....######## #.##
#.#
#.....#..<...######.##
##.#
##...#######.#........
##.#
#.....#....#.#.###..##
##.#
#..(..####.#.#.###....
##.# #...†@#
#............ ...###
##...#####.#.#.###...#
.....# ##.##.....#.#.#
##.## .###.#
#..........#.####.##
## #.#
#####.#.##.#........
#.# #.#.##.######+##
#.# #.#.##.# ##...# #
#.### #......# ##.....
## #.#.##
###.######......


There were no monsters in sight!

Vanquished Creatures
  2 adders (D:2)
  An ooze (D:1)
  3 worms (D:2)
  A leopard gecko (D:1)
  5 giant cockroaches
  5 goblins
  2 hobgoblins (D:1)
  6 jackals (D:2)
  2 kobolds (D:2)
  8 bats
  4 frilled lizards
  2 rats (D:1)
41 creatures vanquished.

Notes
Turn   | Place    | Note
-------+----------+-------------------------------------------
     0 | D:1      | Nattfarinn the Gargoyle Earth Elementalist began the quest
                  | for the Orb.
     0 | D:1      | Reached XP level 1. HP: 10/10 MP: 3/3
   462 | D:1      | Reached skill level 4 in Earth Magic
   462 | D:1      | Reached XP level 2. HP: 13/15 MP: 3/5
   964 | D:1      | You fall into a shaft and drop 1 floor!
   973 | D:2      | Reached XP level 3. HP: 19/19 MP: 1/6
  1392 | D:2      | Reached XP level 4. HP: 24/24 MP: 4/8
  1541 | D:2      | Reached skill level 5 in Earth Magic
  1908 | D:2      | Learned a level 3 spell: Stone Arrow
  1908 | D:2      | Quit the game

Levels and vault maps discovered:
D:1:      wander_arrival_chamber, layout_basic, item_on_display_a
D:2:      layout_loops_corners, marbit_many_paths

Skill      XL: |  1  2  3  4 |
---------------+-------------+-----
Earth Magic    | 4 5 |  5.1
Dodging        | |  1.5
Stealth        | |  2.1
Unarmed Combat | |  0.6
Spellcasting   | |  2.9
Transmutations | |  0.7

Action                   |  1- 3 |  4- 6 || total
-------------------------+-------+-------++-------
Melee: Unarmed           |    66 |    30 ||    96
Throw: Dart              |       |    12 ||    12
 Cast: Sandblast         |    37 |     7 ||    44
 Stab: Sleeping          |     2 |       ||     2
  Eat: Chunk             |     1 |     2 ||     3
Armor: Robe              |    41 |    26 ||    67
Dodge: Dodged            |    77 |    41 ||   118

Table legend:
 A = Non-vault XP
 B = Vault XP
 C = Vault XP percentage of total XP
 D = Non-vault monster count
 E = Vault monster count
 F = Vault count percentage of total count
                 A         B        C        D         E       F
            +---------+---------+-------+---------+---------+-------
      Total |     104 |       2 |   1.9 |      40 |       1 |   2.4
            +---------+---------+-------+---------+---------+-------
        D:1 |      33 |       0 |   0.0 |      17 |       0 |   0.0
        D:2 |      71 |       2 |   2.7 |      23 |       1 |   4.2
            +---------+---------+-------+---------+---------+-------
